 Dungeon Sprint DCSS version 0.22-a0-425-g89d60a1 (webtiles) character file.

9 jerryfan the Fighter (level 2, -1/33 HPs)
             Began as a Gnoll Wanderer on May 24, 2018.
             Splashed by an oklob sapling's acid (11 damage)
             ... in the Dungeon (Sprint IV: "Fedhas' Mad Dash").
             The game lasted 00:01:01 (76 turns).

jerryfan the Fighter (Gnoll Wanderer)                 Turns: 76, Time: 00:01:02

Health: -1/33      AC:  2    Str: 15    XL:     2   Next: 16%
Magic:  3/3        EV: 12    Int: 14    God:
Gold:   0          SH:  0    Dex: 13    Spells: 3/3 levels left

rFire    . . .     SeeInvis .   c - +0 spear
rCold    . . .     Gourm    .   (no shield)
rNeg     . . .     Faith    .   e - +0 robe
rPois    .         Spirit   .   (no helmet)
rElec    .         Reflect  .   (no cloak)
rCorr    .         Harm     .   (no gloves)
MR       .....     NoTele   +   (no boots)
Stlth    +++.......             (no amulet)
HPRegen  0.11/turn              (no ring)
MPRegen  0.08/turn              (no ring)

@: no status effects
A: distributed training, fangs 1, strong nose
a: no special abilities


You were in the Dungeon.
You were not hungry.

You visited 1 branch

Inventory:

Hand Weapons
 a - a +2 shortbow
 c - a +0 spear (weapon)
 f - a +0 dagger
Missiles
 b - 18 arrows
Armour
 e - a +0 robe (worn)
Scrolls
 d - a scroll of teleportation
 m - a scroll of blinking
Potions
 h - a potion of curing
 j - a potion of haste
 k - 2 potions of magic
Comestibles
 g - a ration
 i - a chunk of flesh


   Skills:
 + Level 8.5 Fighting
 + Level 1.1 Short Blades
 + Level 1.1 Long Blades
 + Level 1.1 Axes
 + Level 1.1 Maces & Flails
 + Level 1.1 Polearms
 + Level 1.1 Staves
 + Level 1.1 Slings
 + Level 2.7 Bows
 + Level 1.1 Crossbows
 + Level 2.7 Throwing
 + Level 2.7 Armour
 + Level 1.1 Dodging
 + Level 4.2 Stealth
 + Level 1.1 Shields
 + Level 2.7 Unarmed Combat
 + Level 1.1 Spellcasting
 + Level 0.9 Conjurations
 + Level 0.9 Hexes
 + Level 0.9 Charms
 + Level 0.9 Summonings
 + Level 0.9 Necromancy
 + Level 0.9 Translocations
 + Level 0.9 Transmutations
 + Level 0.9 Fire Magic
 + Level 0.9 Ice Magic
 + Level 0.9 Air Magic
 + Level 0.9 Earth Magic
 + Level 0.9 Poison Magic
 + Level 1.2 Invocations
 + Level 1.1 Evocations


You had 3 spell levels left.
You didn't know any spells.
Your spell library was empty.

Dungeon Overview and Level Annotations

Branches:
Dungeon (1/1)

Altars:

Annotations:
D exclusion: oklob sapling


Innate Abilities, Weirdness & Mutations

Your experience applies equally to all skills.
You have very sharp teeth.
Your uncanny sense of smell can sniff out nearby items.


Message History

Marking area around the oklob sapling as unsafe for travelling.
An oklob sapling comes into view.
Found 40 gold pieces.
Press: ? - help, v - describe, . - travel
Here: an oklob sapling (resting)
The floor.
Attack whom?
Press: ? - help, Dir - move target cursor, f - oklob sapling
Aim: an oklob sapling (resting)
You reach to attack!
The helpless oklob sapling fails to defend itself.
You hit the oklob sapling but do no damage.
Attack whom?
Press: ? - help, Dir - move target cursor, f/p - oklob sapling
Aim: an oklob sapling You reach to attack!
You hit the oklob sapling but do no damage.
The oklob sapling spits acid at you. The splash of acid hits you!
You are splashed with acid!
The acid burns!
You die...

############ #####
#<..P#.....#.$$$$#
#P..†'.)..@'.#∆∆
#P...#.....#P#∆
############ # ∆ ∆
∆ ∆ ∆ ∆∆∆∆


You could see an oklob sapling.

Vanquished Creatures
  A river rat (D)
  A rat (D)
  4 fungi (D)
6 creatures vanquished.

Notes
Turn   | Place    | Note
-------+----------+-------------------------------------------
     0 | D        | jerryfan the Gnoll Wanderer began the quest for the Orb.
     0 | D        | jerryfan set off with: a +2 shortbow, 20 arrows, a +0 spear, a scroll of teleportation, a +0 robe, a +0 dagger, a ration, a potion of curing, a potion of heal wounds, a potion of haste, 2 potions of magic, a potion of berserk rage, a scroll of blinking
     0 | D        | Reached XP level 1. HP: 26/26 MP: 1/1
    23 | D        | Reached skill level 1 in Short Blades
    23 | D        | Reached skill level 1 in Long Blades
    23 | D        | Reached skill level 1 in Axes
    23 | D        | Reached skill level 1 in Maces & Flails
    23 | D        | Reached skill level 1 in Polearms
    23 | D        | Reached skill level 1 in Staves
    23 | D        | Reached skill level 1 in Slings
    23 | D        | Reached skill level 1 in Crossbows
    23 | D        | Reached skill level 1 in Dodging
    23 | D        | Reached skill level 1 in Shields
    23 | D        | Reached skill level 1 in Spellcasting
    23 | D        | Reached skill level 1 in Invocations
    23 | D        | Reached skill level 1 in Evocations
    23 | D        | Reached XP level 2. HP: 25/33 MP: 1/3
    74 | D        | Noticed an oklob sapling
    76 | D        | Splashed by an oklob sapling's acid

Vault maps used:
D:        dungeon_sprint_fedhas

Skill      XL: |  1 |
---------------+----+-----
Short Blades   | 1 |  1.1
Long Blades    | 1 |  1.1
Axes           | 1 |  1.1
Maces & Flails | 1 |  1.1
Polearms       | 1 |  1.1
Staves         | 1 |  1.1
Slings         | 1 |  1.1
Crossbows      | 1 |  1.1
Dodging        | 1 |  1.1
Shields        | 1 |  1.1
Spellcasting   | 1 |  1.1
Invocations    | 1 |  1.2
Evocations     | 1 |  1.1
Fighting       | |  8.5
Bows           | |  2.7
Throwing       | |  2.7
Armour         | |  2.7
Stealth        | |  4.2
Unarmed Combat | |  2.7
Conjurations   | |  0.9
Hexes          | |  0.9
Charms         | |  0.9
Summonings     | |  0.9
Necromancy     | |  0.9
Translocations | |  0.9
Transmutations | |  0.9
Fire Magic     | |  0.9
Ice Magic      | |  0.9
Air Magic      | |  0.9
Earth Magic    | |  0.9
Poison Magic   | |  0.9

Action                   || total
-------------------------++-------
Melee: Spear             ||    26
       Bite              ||     8
 Fire: Shortbow          ||    10
  Use: Potion            ||     2
 Stab: Sleeping          ||     1
Armor: Robe              ||     1
Dodge: Dodged            ||     8

Table legend:
 A = Spawn XP
 B = Non-spawn XP
 C = Spawn XP percentage of total XP
 D = Spawn monster count
 E = Non-spawn monster count
 F = Spawn count percentage of total count
 G = Total turns spent on level
                    A         B        C        D         E        F      G
               +---------+---------+-------+---------+---------+-------+---------
         Total |       0 |      14 |   0.0 |       0 |       2 |   0.0 |    76
               +---------+---------+-------+---------+---------+-------+---------
             D |       0 |      14 |   0.0 |       0 |       2 |   0.0 |    76
               +---------+---------+-------+---------+---------+-------+---------
